 Dungeon Crawl Stone Soup version 0.27-a0-1144-g0b7d3b79db (webtiles) character file.

Game seed: 2222625557550260219

429 Dordric the Cleaver (level 6, 0/51 HPs)
             Began as a Hill Orc Monk on May 11, 2021.
             Succumbed to a scorpion's poison
             ... on level 3 of the Dungeon.
             The game lasted 00:04:50 (2659 turns).

Dordric the Cleaver (Hill Orc Monk)                 Turns: 2659, Time: 00:04:50

Health: 0/51       AC:  9    Str: 16    XL:     6   Next: 98%
Magic:  6/6        EV:  7    Int: 10    God:
Gold:   169        SH:  0    Dex: 13    Spells: 5/5 levels left

rFire    . . .     SeeInvis .   a - +0 hand axe
rCold    . . .     Faith    .   (no shield)
rNeg     . . .     Spirit   .   h - +0 chain mail
rPois    .         Reflect  .   q - +0 helmet
rElec    .         Harm     .   (no cloak)
rCorr    .         Rampage  .   (no gloves)
Will     .....                  (no boots)
Stlth    ..........             d - amulet of regeneration
HPRegen  1.17/turn              (no ring)
MPRegen  0.10/turn              (no ring)

@: lethally poisoned (0 -> -1)
A: no striking features
a: no special abilities


You were on level 3 of the Dungeon.
You visited 1 branch of the dungeon, and saw 4 of its levels.

You collected 169 gold pieces.

Inventory:

Hand Weapons
 a - a +0 hand axe (weapon)
Armour
 b - a +0 robe
 c - a +0 leather armour
 h - a +0 chain mail (worn)
 q - a +0 helmet (worn)
Jewellery
 d - an amulet of regeneration (around neck)
Scrolls
 e - 2 scrolls of teleportation {unknown}
 f - 6 scrolls of identify {unknown}
 i - a scroll of fear {unknown}
 j - a scroll of fog {unknown}
 k - a scroll of magic mapping {unknown}
 m - a scroll of vulnerability {unknown}
 n - a scroll of silence {unknown}
Potions
 g - a potion of lignification {unknown}
 l - a potion of invisibility
 o - a potion of ambrosia {unknown}
 p - a potion of berserk rage {unknown}
 r - a potion of resistance {unknown}


   Skills:
 - Level 3.6 Fighting
 + Level 10.0 Axes
 - Level 2.4 Dodging
 - Level 1.5 Stealth


You had 5 spell levels left.
You didn't know any spells.
Your spell library was empty.

Dungeon Overview and Level Annotations

Branches:
Dungeon (4/15)
 Temple: D:4-7

Altars:
Vehumet

Shops:
D:2 *   D:3 *


Message History

You are more poisoned.
The scorpion poisons you!
You hit the scorpion.
The scorpion is heavily wounded.
You barely miss the frilled lizard.
You feel sick. The scorpion closely misses you.
The frilled lizard bites you but does no damage.
You hit the scorpion.
The scorpion is severely wounded.
You hit the frilled lizard.
You kill the frilled lizard!
You feel sick. The scorpion stings you.
* * * LOW HITPOINT WARNING * * *
Your Axes skill increases to level 10!
You feel sick.
You see here a frilled lizard corpse.
You feel sick.
The scorpion stings you but does no damage.
You feel sick.
You feel sick.
You feel sick.
You feel sick.
The scorpion stings you but does no damage.
You feel sick.
You are no longer poisoned.
Things that are here:
a +0 scale mail; a +0 short sword The scorpion stings you.
* * * LOW HITPOINT WARNING * * *
You are lethally poisoned!
The scorpion poisons you!
* * * LOW HITPOINT WARNING * * *
You feel very sick.
* * * LOW HITPOINT WARNING * * *
You feel very sick.
* * * LOW HITPOINT WARNING * * *
You feel sick.
* * * LOW HITPOINT WARNING * * *
You feel sick.
You die...

#.## #.[## ##.#####..##
#..# #..# #..........
##.# #..## ##>#.###..##
#.# #...###.##.# #).##
#.# #..#...###.# #...)
#.######..#..## #.# #..##
#......#s.#..####.###..##
######.#...........))..##
#.#@###...#..###.###
#.#.# #...#..# #.###
#.#.# #......# #....
#.#.# ##..#.[# #####
#.#.# #..#..# ##### #.#.#
#..#..# #.... #.#.#
##..#..###.###
#.#.###.............
#.#.......#..>....##


You could see a scorpion.

Vanquished Creatures
  An ogre (D:3)
  Blork the orc (D:4)
  A jelly (D:4)
  An orc priest (D:3)
  Terence (D:3)
  2 orc wizards (D:3)
  A hound skeleton (D:2)
  Robin (D:3)
  3 adders (D:3)
  An adder zombie (D:2)
  3 orcs
  9 ball pythons
  11 bats
  2 bat skeletons (D:2)
  7 endoplasms
  21 goblins
  7 hobgoblins
  6 jackals
  5 frilled lizards
  A jackal zombie (D:2)
  6 kobolds
  A rat (D:3)
92 creatures vanquished.

Vanquished Creatures (others)
  43 plants
  A withered plant (D:2)
44 creatures vanquished.

Grand Total: 136 creatures vanquished

Notes
Turn   | Place    | Note
-------+----------+-------------------------------------------
     0 | D:1      | Dordric the Hill Orc Monk began the quest for the Orb.
     0 | D:1      | Reached XP level 1. HP: 19/19 MP: 1/1
   215 | D:1      | Reached XP level 2. HP: 26/26 MP: 2/2
   309 | D:1      | Reached skill level 5 in Axes
   952 | D:2      | Reached XP level 3. HP: 31/31 MP: 3/3
  1045 | D:2      | Found a radiant altar of Vehumet.
  1103 | D:2      | Reached skill level 6 in Axes
  1134 | D:2      | Found a faded altar of an unknown god.
  1192 | D:2      | Found Koerhaxze's General Store.
  1206 | D:2      | Reached XP level 4. HP: 39/39 MP: 4/4
  1522 | D:3      | Noticed Terence
  1544 | D:3      | Killed Terence
  1545 | D:3      | Reached skill level 7 in Axes
  1662 | D:3      | Reached XP level 5. HP: 45/45 MP: 5/5
  1888 | D:3      | Found Tolariz's Assorted Antiques.
  2040 | D:3      | Reached skill level 8 in Axes
  2256 | D:3      | Reached XP level 6. HP: 49/51 MP: 6/6
  2278 | D:4      | Noticed Robin
  2298 | D:3      | Reached skill level 9 in Axes
  2357 | D:3      | Killed Robin
  2488 | D:4      | Noticed Blork the orc
  2505 | D:4      | Killed Blork the orc
  2643 | D:3      | Reached skill level 10 in Axes
  2656 | D:3      | HP: 2/51 [poisoned by a scorpion]
  2659 | D:3      | Succumbed to a scorpion's poison

Illustrated notes

Levels and vault maps discovered:
D:1:      dpeg_arrival_rooms_a, layout_loops_ring, serial_forest,
          infiniplex_forest_straight_2, infiniplex_forest_lined_2,
          infiniplex_forest_zigzag_1, infiniplex_forest_zigzag_1,
          infiniplex_forest_lined_1, infiniplex_forest_clump_medium,
          infiniplex_forest_clump_large
D:2:      layout_basic, basic_altar, hellmonk_ecumenical_altar_run_dry,
          serial_undead, serial_undead_a, serial_undead_c, serial_undead_a,
          serial_undead_f, serial_shops, nicolae_shop_crystal
D:3:      layout_loops_ring, serial_shops, nicolae_shop_trees, uniq_terence
D:4:      kennysheep_kobold_camp, layout_layer_cave, overflow_temple_1_default,
          trog_hazing_becter, nrook_mini_backslash, uniq_edmund, uniq_robin,
          uniq_blork_the_orc

Skill      XL: |  1  2  3  4  5  6 |
---------------+-------------------+-----
Axes           | 5 6 7 8 10 | 10.0
Fighting       | |  3.6
Dodging        | |  2.4
Stealth        | |  1.5

Action                   |  1- 3 |  4- 6 || total
-------------------------+-------+-------++-------
Melee: Hand axe          |   174 |   203 ||   377
  Use: Potion            |       |     1 ||     1
 Stab: Sleeping          |     2 |       ||     2
Armor: Leather armour    |    22 |       ||    22
       Robe              |     1 |       ||     1
       Chain mail        |    98 |   144 ||   242
Dodge: Dodged            |   108 |    62 ||   170

Table legend: (Time is in decaauts)
 A = Elapsed time spent in this place.
 B = Non-inter-level travel time spent in this place.
 C = Inter-level travel time spent in this place.
 D = Time resting spent in this place.
 E = Time spent auto-exploring this place.
 F = Levels seen in this place.
 G = Mean time per level.
                   A        B        C        D        E       F      G
               +--------+--------+--------+--------+--------+-----+--------+
         Total |   2649 |   2557 |     92 |      0 |   1781 |   4 |  662.2 |
       Dungeon |   2649 |   2557 |     92 |      0 |   1781 |   4 |  662.2 |
               +--------+--------+--------+--------+--------+-----+--------+

Top non-repeatable levels by time:
     D:1: 949 daAuts
     D:3: 883 daAuts
     D:2: 563 daAuts
     D:4: 253 daAuts
